 Dungeon Crawl Stone Soup version 0.26.1-2-gb8aa6d0 (webtiles) character file.

Game seed: 7598347059948917195

2476 GeorgeSoros the Fighter (level 9, -5/77 HPs)
             Began as a Gnoll Wanderer on Feb 19, 2021.
             Was a Priest of Vehumet.
             Slain by a warg (12 damage)
             ... on level 8 of the Dungeon.
             The game lasted 00:35:08 (8206 turns).

GeorgeSoros the Fighter (Gnoll Wanderer)            Turns: 8206, Time: 00:35:09

Health: -5/77      AC:  7    Str: 14    XL:     9   Next: 51%
Magic:  6/21       EV: 13    Int: 19    God:    Vehumet [***...]
Gold:   381        SH:  5    Dex: 14    Spells: 12/24 levels left

rFire    + . .     SeeInvis .   z - +1 dire flail (protect)
rCold    . . .     Faith    .   (shield currently unavailable)
rNeg     . . .     Spirit   .   n - +1 ring mail
rPois    .         Reflect  +   (no helmet)
rElec    .         Harm     .   (no cloak)
rCorr    +         Rampage  .   (no gloves)
Will     .....                  (no boots)
Stlth    ++........             x - amulet of reflection
HPRegen  0.22/turn              r - ring of resist corrosion
MPRegen  0.17/turn              s - ring of protection from fire

@: about to teleport
A: distributed training, fangs 1, strong nose
a: Renounce Religion


You were on level 8 of the Dungeon.
You worshipped Vehumet.
Vehumet was most pleased with you.
You visited 1 branch of the dungeon, and saw 8 of its levels.

You collected 381 gold pieces.

Inventory:

Hand Weapons
 e - a +0 hand axe
 f - a +1 spear
 z - a +1 dire flail of protection (weapon)
Armour
 d - a +0 robe
 j - a +0 leather armour
 k - a +0 tower shield
 n - a +1 ring mail (worn)
Jewellery
 r - a ring of resist corrosion (left hand)
 s - a ring of protection from fire (right hand)
 x - an amulet of reflection (around neck)
Wands
 a - a wand of acid (24)
Scrolls
 h - 3 scrolls of remove curse
 p - 4 scrolls of teleportation
 t - a scroll of amnesia
 A - 2 scrolls of immolation
Potions
 b - 3 potions of magic
 c - 3 potions of curing
 g - 4 potions of haste
 i - a potion of might
 l - 2 potions of resistance
 m - a potion of invisibility
 o - 3 potions of lignification {unknown}
 q - a potion of mutation {unknown}
 u - a potion of berserk rage {unknown}
 v - a potion of cancellation {unknown}
 w - 2 potions of brilliance {unknown}
 B - a potion of flight {unknown}


   Skills:
 + Level 9.6 Fighting
 + Level 4.3 Short Blades
 + Level 4.3 Long Blades
 + Level 4.3 Axes
 + Level 4.3 Maces & Flails
 + Level 4.3 Polearms
 + Level 4.3 Staves
 + Level 4.3 Slings
 + Level 4.3 Bows
 + Level 4.3 Crossbows
 + Level 4.3 Throwing
 + Level 5.1 Armour
 + Level 4.3 Dodging
 + Level 5.0 Stealth
 + Level 5.1 Shields
 + Level 4.3 Unarmed Combat
 + Level 8.4 Spellcasting
 + Level 3.5 Conjurations
 + Level 3.5 Hexes
 + Level 3.5 Summonings
 + Level 3.5 Necromancy
 + Level 3.5 Translocations
 + Level 3.5 Transmutations
 + Level 3.5 Fire Magic
 + Level 3.5 Ice Magic
 + Level 3.5 Air Magic
 + Level 3.5 Earth Magic
 + Level 3.5 Poison Magic
 + Level 4.7 Invocations
 + Level 4.3 Evocations


You had 12 spell levels left.
You knew the following spells:

 Your Spells              Type           Power        Failure   Level
a - Foxfire               Conj/Fire      84%          1%          1
b - Mephitic Cloud        Conj/Pois/Air  21%          3%          3
c - Freeze                Ice            84%          1%          1
d - Sandblast             Erth           42%          1%          1
e - Static Discharge      Conj/Air       21%          3%          3
f - Stone Arrow           Conj/Erth      42%          3%          3

Your spell library contained the following spells:

 Spells                   Type           Power        Failure   Level
 Magic Dart               Conj           84%          1%          1
 Animate Skeleton         Necr           42%          3%          1
 Apportation              Tloc           42%          3%          1
 Corona                   Hex            23%          3%          1
 Summon Small Mammal      Summ           84%          3%          1
 Conjure Flame            Conj/Fire      21%          3%          3
 Blink                    Tloc           N/A          6%          2
 Call Imp                 Summ           21%          6%          2
 Slow                     Hex            21%          6%          2


Dungeon Overview and Level Annotations

Branches:
Dungeon (8/15)             Temple (0/1) D:6            Lair (0/6) D:8

Altars:
Dithmenos
Fedhas
Gozag
Kikubaaqudgha
Makhleb
Nemelex Xobeh
Trog
Vehumet
Xom

Annotations:
D:3 1 runed translucent door, allesh93's ghost, amateur HOFi
D:8 exclusion: oklob plant


Innate Abilities, Weirdness & Mutations

Your experience applies equally to all skills.
You have very sharp teeth.
Your uncanny sense of smell can sniff out nearby items.


Message History

You block the warg's attack. The warg bites you!
* * * LOW HITPOINT WARNING * * *
What are your orders? t - Bark!
Orders for allies: a - Attack new target. r - Retreat! s - Stop attacking. g - Guard the area. f - Follow me.
Anything else - Cancel.
Retreat in which direction?
Press: ? - help, Dir - move target, f - you
Okay, then.
Unknown command.
As you read the scroll of teleportation, it crumbles to dust.
You feel strangely unstable.
The orc priest mumbles some strange prayers to Beogh against you.
Beogh smites you!
* * * LOW HITPOINT WARNING * * *
The warg bites you!
You die...

###.###.####.##.#
#
####.###.###...#.#
#
.........##......#
#
####.###.........#
#)##.....##
#.###...## #.#
##.## #.# #.#####
#.# #...@.# .#.
#####h# # # # #.#
. #o# .# #.#
##.### #o# .....#
#o##.....##
#...o......
####o[...#.


You could see a warg, an orc warrior, an orc priest and an orc wizard.

Vanquished Creatures
  A warg (D:8)
  A water moccasin (D:5)
  Edmund (D:6)
  An ice beast (D:7)
  2 phantoms
  An orc warrior (D:6)
  An eye of draining (D:5)
  2 sky beasts
  2 centaurs
  6 bullfrogs
  3 wights (D:7)
  3 howler monkeys
  2 quasits
  2 centaur zombies
  An orc priest (D:7)
  A hound (D:8)
  A jelly (D:8)
  A centaur skeleton (D:4)
  4 orc wizards
  2 iguanas
  2 worker ants (D:5)
  A hound skeleton (D:7)
  4 gnolls (D:2)
  6 adders
  2 white imps
  2 ufetubi
  2 adder zombies
  An ooze (D:1)
  2 worms
  3 dart slugs
  3 leopard geckos (D:1)
  21 orcs
  3 ball pythons
  5 giant cockroaches
  14 goblins
  18 hobgoblins
  8 jackals
  2 quokkas
  6 bats
  3 frilled lizards
  7 kobolds
  A leopard gecko skeleton (D:4)
  A leopard gecko zombie (D:5)
  14 rats
169 creatures vanquished.

Vanquished Creatures (collateral kills)
  3 foxfires
3 creatures vanquished.

Vanquished Creatures (others)
  554 foxfires
554 creatures vanquished.

Grand Total: 726 creatures vanquished

Notes
Turn   | Place    | Note
-------+----------+-------------------------------------------
     0 | D:1      | GeorgeSoros the Gnoll Wanderer began the quest for the Orb.
     0 | D:1      | GeorgeSoros set off with the following items: a +0 club, a
                  | potion of curing, a +0 robe; and the following spells
                  | available to memorise: Foxfire, Magic Dart, Blink, Call
                  | Imp, Slow, Conjure Flame, Mephitic Cloud
     0 | D:1      | Reached XP level 1. HP: 26/26 MP: 8/8
     2 | D:1      | Learned a level 1 spell: Foxfire
   151 | D:1      | Reached XP level 2. HP: 33/33 MP: 8/10
   432 | D:1      | Reached XP level 3. HP: 38/38 MP: 7/11
  1010 | D:1      | Reached skill level 1 in Invocations
  1101 | D:2      | Found a burning altar of Makhleb.
  1228 | D:2      | Reached skill level 1 in Short Blades
  1228 | D:2      | Reached skill level 1 in Long Blades
  1228 | D:2      | Reached skill level 1 in Axes
  1228 | D:2      | Reached skill level 1 in Maces & Flails
  1228 | D:2      | Reached skill level 1 in Polearms
  1228 | D:2      | Reached skill level 1 in Staves
  1228 | D:2      | Reached skill level 1 in Slings
  1228 | D:2      | Reached skill level 1 in Bows
  1228 | D:2      | Reached skill level 1 in Crossbows
  1228 | D:2      | Reached skill level 1 in Throwing
  1228 | D:2      | Reached skill level 1 in Dodging
  1228 | D:2      | Reached skill level 1 in Unarmed Combat
  1228 | D:2      | Reached skill level 1 in Evocations
  1311 | D:2      | Reached XP level 4. HP: 45/45 MP: 10/13
  1317 | D:2      | Learned a level 3 spell: Mephitic Cloud
  1961 | D:2      | Reached skill level 1 in Conjurations
  1961 | D:2      | Reached skill level 1 in Hexes
  1961 | D:2      | Reached skill level 1 in Summonings
  1961 | D:2      | Reached skill level 1 in Necromancy
  1961 | D:2      | Reached skill level 1 in Translocations
  1961 | D:2      | Reached skill level 1 in Transmutations
  1961 | D:2      | Reached skill level 1 in Fire Magic
  1961 | D:2      | Reached skill level 1 in Ice Magic
  1961 | D:2      | Reached skill level 1 in Air Magic
  1961 | D:2      | Reached skill level 1 in Earth Magic
  1961 | D:2      | Reached skill level 1 in Poison Magic
  2201 | D:2      | Found a shimmering altar of Xom.
  2395 | D:2      | Found a faded altar of an unknown god.
  2408 | D:2      | Noticed a phantom
  2429 | D:2      | Reached XP level 5. HP: 44/51 MP: 5/14
  2433 | D:2      | Killed a phantom
  2498 | D:2      | Became a worshipper of Vehumet
  2498 | D:2      | Reached * piety under Vehumet
  2498 | D:2      | Offered knowledge of Freeze by Vehumet.
  2501 | D:2      | Learned a level 1 spell: Freeze
  2971 | D:3      | Reached XP level 6. HP: 57/57 MP: 11/16
  3078 | D:3      | Found a runed translucent door.
  3088 | D:3      | Noticed allesh93's ghost (amateur HOFi)
  3446 | D:3      | Reached ** piety under Vehumet
  3446 | D:3      | Offered knowledge of Sandblast by Vehumet.
  3449 | D:3      | Learned a level 1 spell: Sandblast
  3600 | D:3      | Found a blossoming altar of Fedhas.
  3857 | D:2      | Found a bloodstained altar of Trog.
  4310 | D:4      | Reached XP level 7. HP: 57/63 MP: 18/18
  4455 | D:5      | Entered Level 5 of the Dungeon
  4705 | D:5      | Found an opulent altar of Gozag.
  4706 | D:5      | Found a sparkling altar of Nemelex Xobeh.
  5032 | D:5      | Reached skill level 9 in Fighting
  5551 | D:6      | Reached XP level 8. HP: 71/71 MP: 15/19
  5560 | D:6      | Offered knowledge of Static Discharge by Vehumet.
  5565 | D:6      | Learned a level 3 spell: Static Discharge
  6049 | D:6      | Reached *** piety under Vehumet
  6075 | D:6      | Noticed Edmund
  6090 | D:6      | Killed Edmund
  6499 | D:6      | Found a staircase to the Ecumenical Temple.
  6668 | D:7      | Found a shadowy altar of Dithmenos.
  6850 | D:7      | Reached XP level 9. HP: 69/76 MP: 11/21
  7131 | D:7      | Offered knowledge of Stone Arrow by Vehumet.
  7137 | D:7      | Learned a level 3 spell: Stone Arrow
  7375 | D:7      | Reached skill level 5 in Armour
  7375 | D:7      | Reached skill level 5 in Shields
  7467 | D:7      | Found a shimmering altar of Xom.
  8128 | D:8      | Found an ancient bone altar of Kikubaaqudgha.
  8128 | D:8      | Noticed an oklob plant
  8191 | D:8      | Found a staircase to the Lair.
  8196 | D:8      | Reached skill level 5 in Stealth
  8206 | D:8      | Slain by a warg

Illustrated notes

Levels and vault maps discovered:
D:1:      saegor_arrival_simple_c, layout_basic
D:2:      layout_basic, bloody_makhleb, old_standard_altar,
          nicolae_overflow_hidden_temple, chequers_ecumenical_altar_island,
          kennysheep_nondescript
D:3:      cheibrodos_greedy_goblins, layout_rooms, fedhas_altar_4,
          gammafunk_ghost_grave, minmay_hedge_maze, item_on_display_a
D:4:      layout_rooms
D:5:      layout_basic, grunt_temple_overflow_opulence
D:6:      layout_rooms, temple_hall, chequers_serial_rivers_small_a, uniq_edmund
D:7:      layout_loops_ring, nicolae_dithmenos_shadow_blocks, basic_altar
D:8:      layout_loops_ring, erik_lair_orcish_takeover, lemuel_oklob_altar

Skill      XL: |  1  2  3  4  5  6  7  8  9 |
---------------+----------------------------+-----
Invocations    | 1 2 3 4 |  4.7
Short Blades   | 1 2 3 4 |  4.3
Long Blades    | 1 2 3 4 |  4.3
Axes           | 1 2 3 4 |  4.3
Maces & Flails | 1 2 3 4 |  4.3
Polearms       | 1 2 3 4 |  4.3
Staves         | 1 2 3 4 |  4.3
Slings         | 1 2 3 4 |  4.3
Bows           | 1 2 3 4 |  4.3
Crossbows      | 1 2 3 4 |  4.3
Throwing       | 1 2 3 4 |  4.3
Dodging        | 1 2 3 4 |  4.3
Unarmed Combat | 1 2 3 4 |  4.3
Evocations     | 1 2 3 4 |  4.3
Conjurations   | 1 2 3 |  3.5
Hexes          | 1 2 3 |  3.5
Summonings     | 1 2 3 |  3.5
Necromancy     | 1 2 3 |  3.5
Translocations | 1 2 3 |  3.5
Transmutations | 1 2 3 |  3.5
Fire Magic     | 1 2 3 |  3.5
Ice Magic      | 1 2 3 |  3.5
Air Magic      | 1 2 3 |  3.5
Earth Magic    | 1 2 3 |  3.5
Poison Magic   | 1 2 3 |  3.5
Armour         | 3 4 5 |  5.1
Shields        | 3 4 5 |  5.1
Stealth        | 3 4 5 |  5.0
Fighting       | 9 |  9.6
Spellcasting   | 8 |  8.4

Action                   |  1- 3 |  4- 6 |  7- 9 || total
-------------------------+-------+-------+-------++-------
Melee: Unarmed           |     7 |       |       ||     7
       Whip              |     2 |       |       ||     2
       Spear             |       |    56 |    15 ||    71
       Bite              |       |     5 |    11 ||    16
       Hand axe          |       |     1 |       ||     1
       Dire flail        |       |       |    46 ||    46
 Cast: Foxfire           |    60 |   100 |   160 ||   320
       Freeze            |       |    11 |    42 ||    53
       Static Discharge  |       |       |    12 ||    12
       Stone Arrow       |       |       |    12 ||    12
  Use: Scroll            |     3 |    12 |     6 ||    21
Armor: Robe              |     6 |     4 |       ||    10
       Ring mail         |       |    15 |    43 ||    58
Dodge: Dodged            |    24 |    36 |    85 ||   145
Block: Other             |       |       |    34 ||    34
       Reflection        |       |       |     1 ||     1
